 Dungeon Crawl Stone Soup version 0.29.0-4-gdea44cf6ec (webtiles) character file.

Game seed: 16971371505720849043

10368 qw the Brawler (level 11, -4/105 HPs)
             Began as a Troll Cinder Acolyte on Aug 31, 2022.
             Was a Follower of Ignis.
             Slain by a death yak (11 damage)
             ... on level 1 of the Lair of Beasts.
             The game lasted 00:04:44 (8396 turns).

qw the Brawler (Troll Cinder Acolyte)               Turns: 8396, Time: 00:04:45

Health: -4/105     AC: 19    Str: 28    XL:     11   Next: 35%
Magic:  0/11       EV: 10    Int:  6    God:    Ignis [*.....]
Gold:   407        SH:  0    Dex: 11    Spells: 12/12 levels left

rFire   + + .      SeeInvis .     - Unarmed
rCold   + . .      Faith    .   (no shield)
rNeg    + + .      Spirit   +   k - +3 swamp dragon scales
rPois   +          Reflect  .   (helmet restricted)
rElec   .          Harm     .   d - scarf {rC+ rF+}
rCorr   .          Rampage  .   (gloves unavailable)
Will    .....      Clarity  +   (boots unavailable)
Stlth   +.........              q - amulet of guardian spirit
HPRegen 1.07/turn               c - ring of positive energy
MPRegen 0.12/turn               p - ring of Liberalism {Fly rN+ Int-4 Dex+6}

@: about to teleport, fiery-armoured, flying
A: large, unfitting armour, claws 3, regeneration 1, shaggy fur 1, tough skin 1,
clarity
a: Renounce Religion, Fiery Armour, Foxfire Swarm, Rising Flame


You were on level 1 of the Lair of Beasts.
You worshipped Ignis.
Ignis was aware of your devotion.
You visited 2 branches of the dungeon, and saw 11 of its levels.

You collected 627 gold pieces.
You spent 220 gold pieces at shops.


Innate Abilities, Weirdness & Mutations

You are too large for most types of armour.
You have claws for hands.
Your natural rate of healing is unusually fast.
You are covered in fur. (AC +1)
You have tough skin. (AC +1)
You possess an exceptional clarity of mind.


   Skills:
 - Level 6.0 Fighting
 - Level 4.3 Throwing
 + Level 2.0 Armour
 - Level 4.1 Dodging
 - Level 15.0 Unarmed Combat
 - Level 1.0 Spellcasting
 - Level 2.1 Fire Magic


You had 12 spell levels left.
You didn't know any spells.
Your spell library contained the following spells:

 Spells                   Type           Power      Damage    Failure   Level
 Scorch                   Fire           4%         2d5       38%         2

Inventory:

Missiles
 t - 5 javelins (quivered)
Armour
 d - a scarf of resistance (worn)
 k - +3 swamp dragon scales (worn)
 n - a +2 robe of fire resistance
 u - a scarf of repulsion
Jewellery
 c - a ring of positive energy (left claw)
 h - a ring of ice
 p - the ring of Liberalism (right claw) {Fly rN+ Int-4 Dex+6}
   (You found it on level 3 of the Dungeon)

   [ring of dexterity]

   Int:       It affects your intelligence (-4).
   Dex:       It affects your dexterity (+6).
   rN:        It protects you from negative energy.
   Fly:       It grants you flight.
 q - an amulet of guardian spirit (around neck)
 s - an amulet of regeneration
 x - a ring of fire
Scrolls
 m - a scroll of identify
 r - 2 scrolls of teleportation
Potions
 a - a potion of lignification {unknown}
 b - a potion of resistance
 e - a potion of haste {unknown}
 f - a potion of berserk rage {unknown}
 g - 3 potions of might
 i - 2 potions of heal wounds
 l - a potion of cancellation
 o - a potion of flight {unknown}
 w - a potion of mutation

Dungeon Overview and Level Annotations

Branches:
Dungeon (10/15)            Temple (0/1) D:7            Lair (1/5) D:10
    Orc (0/2) D:10

Altars:
Ashenzari
Gozag
Nemelex Xobeh
Trog
Zin

Shops:
D:2 (([*   D:6 [

Annotations:
D:5 1 runed translucent door, Crazy Yiuf
D:10 2 transporters


Message History

You kill the death yak!
The death yak gores you but does no damage.
The death yak is burned by your cloak of flames.
The death yak is lightly wounded.
The death yak gores you but does no damage.
The yak gores you.
The yak is burned by your cloak of flames.
The yak is moderately wounded.
The yak gores you!
The yak is burned by your cloak of flames.
The yak is lightly wounded.
Your Throwing skill increases to level 4!
You scratch the yak.
The yak is moderately wounded.
The death yak gores you! The death yak gores you. The death yak gores you!
The death yak is burned by your cloak of flames.
The death yak is lightly wounded.
The yak gores you but does no damage. The yak gores you.
The yak is burned by your cloak of flames.
The yak is heavily wounded.
You scratch the yak.
The yak is heavily wounded.
The yak gores you.
The yak is burned by your cloak of flames.
The yak is heavily wounded.
The death yak gores you but does no damage.
The death yak is burned by your cloak of flames.
The death yak is lightly wounded.
The yak gores you but does no damage.
The yak is burned by your cloak of flames.
The yak is moderately wounded.
The death yak gores you!
The death yak is burned by your cloak of flames.
The death yak is lightly wounded.
The death yak gores you!
8396 ||| READING 3 scrolls of teleportation.
As you read the scroll of teleportation, it crumbles to dust.
You feel strangely unstable. The yak barely misses you.
The death yak gores you!
You die... .....>... .. ....... .. ..... ... #...##..# #...#.... #Y..... #YYF#

#@YY# #YY.#
#Y........
#....P####.
#.......
##.......
..........
...........
...........


You could see 5 death yaks, 3 yaks and a cane toad.

Vanquished Creatures
  Erica (D:9)
  A death yak (Lair:1)
  A two-headed ogre (D:10)
  A deep elf pyromancer (D:7)
  Pikel (D:6)
  A manticore (D:8)
  Maggie (D:6)
  2 kobold demonologists (D:10)
  A troll (D:9)
  Grinder (D:5)
  A wyvern (D:9)
  9 yaks
  2 steam dragons
  2 acid dragons
  A water moccasin (D:7)
  4 orc warriors
  3 ice beasts
  3 sky beasts
  A black bear (D:6)
  2 ogres
  5 centaurs
  2 kobold brigands
  A phantom (D:5)
  Blork the orc (D:5)
  5 bullfrogs
  A gnoll sergeant (D:8)
  3 scorpions
  3 wights (D:8)
  15 killer bees
  3 howler monkeys
  2 gnoll boudas
  2 jellies
  6 orc priests
  2 iguanas
  7 orc wizards
  14 gnolls
  9 adders
  A shadow imp (D:6)
  A white imp (D:6)
  An ufetubus (D:7)
  An adder skeleton (D:2)
  2 worms
  3 dart slugs (D:4)
  38 orcs
  6 bats
  7 endoplasms
  A giant cockroach (D:2)
  4 goblins
  10 hobgoblins
  4 jackals (D:4)
  11 kobolds
  13 ball pythons
  A ball python skeleton (D:2)
  2 frilled lizards (D:1)
  4 rats
230 creatures vanquished.

Vanquished Creatures (others)
  2 plants (D:8)
  A withered plant (D:2)
3 creatures vanquished.

Grand Total: 233 creatures vanquished

Notes
Turn   | Place    | Note
-------+----------+-------------------------------------------
     0 | D:1      | qw the Troll Cinder Acolyte began the quest for the Orb.
     0 | D:1      | Reached XP level 1. HP: 22/22 MP: 1/1
     0 | D:1      | 0 ||| qw: Version: 0.1-a-97-g2dd2ca4
     0 | D:1      | 0 ||| qw: Game counter: 4594
     0 | D:1      | 0 ||| qw: Always use a shield: true
     0 | D:1      | 0 ||| qw: God list: Okawaru
     0 | D:1      | 0 ||| qw: Allow faded altars: false
     0 | D:1      | 0 ||| qw: Do Orc after D:15 true
     0 | D:1      | 0 ||| qw: Do second Lair branch before Depths: true
     0 | D:1      | 0 ||| qw: Lair rune preference: random
     0 | D:1      | 0 ||| qw: Plans: Normal
     0 | D:1      | 0 ||| PLANNING D:1-11
   194 | D:1      | Found a faded altar of an unknown god.
   203 | D:1      | 203 ||| Stepping ~*~*~tactically~*~*~ (stealth).
   210 | D:1      | Reached XP level 2. HP: 29/29 MP: 2/2
   211 | D:1      | 211 ||| Stepping ~*~*~tactically~*~*~ (stealth).
   212 | D:1      | 212 ||| Stepping ~*~*~tactically~*~*~ (stealth).
   213 | D:1      | 213 ||| Stepping ~*~*~tactically~*~*~ (stealth).
   215 | D:1      | 215 ||| Stepping ~*~*~tactically~*~*~ (stealth).
   216 | D:1      | 216 ||| Stepping ~*~*~tactically~*~*~ (stealth).
   555 | D:1      | Reached skill level 4 in Unarmed Combat
   743 | D:1      | 743 ||| UPGRADING to ring of positive energy.
   744 | D:1      | 744 ||| READING scroll labelled KIHOAC LOOSCH.
   745 | D:1      | 745 ||| READING 2 scrolls labelled WUDI LOFO LEZU.
   746 | D:1      | 746 ||| READING scroll labelled ENINWYSHR IQUMM.
   760 | D:1      | 760 ||| READING scroll labelled ORREET UNO.
   765 | D:1      | 765 ||| DRINKING 2 glowing dark potions.
   766 | D:1      | 766 ||| DROPPING scroll of fog.
   775 | D:2      | Found Wiun's Antique Weapon Shop.
   921 | D:2      | Reached XP level 3. HP: 36/36 MP: 3/3
  1001 | D:2      | Found Guesixos's General Store.
  1020 | D:2      | 1020 ||| SHOPLISTING amulet of the acrobat (390 gold, have
                  | 35).
  1020 | D:2      | 1020 ||| BUYING scroll of identify (26 gold).
  1020 | D:2      | Bought a scroll of identify for 26 gold pieces
  1082 | D:2      | Identified the +1 whip of Kuak {holy, rElec Will+++ rCorr
                  | Dex-4}
  1211 | D:2      | Found Dol Qus's Weapon Emporium.
  1263 | D:2      | Found Ruqaih's Antique Armour Boutique.
  1271 | D:2      | 1271 ||| SHOPLISTING cloak (130 gold, have 16).
  1271 | D:2      | 1271 ||| SHOPLISTING glowing scarf (232 gold, have 16).
  1271 | D:2      | 1271 ||| SHOPLISTING shiny steam dragon scales (1247 gold,
                  | have 16).
  1286 | D:2      | 1286 ||| READING scroll labelled HAURPH SUHIB.
  1287 | D:2      | 1287 ||| READING scroll labelled LELAFU YSOEKK.
  1288 | D:2      | 1288 ||| DRINKING 2 dark potions.
  1289 | D:2      | 1289 ||| READING 3 scrolls of identify.
  1289 | D:2      | 1289 ||| IDENTIFYING green potion
  1290 | D:2      | 1290 ||| READING 2 scrolls of identify.
  1290 | D:2      | 1290 ||| IDENTIFYING cyan potion
  1452 | D:3      | 1452 ||| Stepping ~*~*~tactically~*~*~ (stealth).
  1548 | D:3      | Noticed a scorpion
  1549 | D:3      | 1549 ||| Stepping ~*~*~tactically~*~*~ (stealth).
  1550 | D:3      | 1550 ||| Stepping ~*~*~tactically~*~*~ (stealth).
  1563 | D:3      | Reached XP level 4. HP: 26/44 MP: 4/4
  1565 | D:3      | 1565 ||| INVOKING Fiery Armour.
  1567 | D:3      | Killed a scorpion
  1568 | D:3      | Reached skill level 5 in Unarmed Combat
  1603 | D:3      | Identified the ring of Liberalism {Fly rN+ Int-4 Dex+6}
  1705 | D:3      | 1705 ||| UPGRADING to ring of Liberalism {Fly rN+ Int-4
                  | Dex+6}.
  1706 | D:3      | 1706 ||| READING scroll labelled VIEGON USENOMM.
  1707 | D:3      | 1707 ||| READING scroll labelled OHISOAT RICS.
  1708 | D:3      | 1708 ||| DRINKING 3 white potions.
  1709 | D:3      | 1709 ||| DROPPING 2 potions of degeneration.
  1723 | D:4      | 1723 ||| STAIRDANCE
  1808 | D:4      | 1808 ||| Stepping ~*~*~tactically~*~*~ (hiding).
  1910 | D:4      | 1910 ||| Stepping ~*~*~tactically~*~*~ (hiding).
  1924 | D:4      | 1924 ||| Stepping ~*~*~tactically~*~*~ (stealth).
  1955 | D:4      | Reached skill level 1 in Dodging
  1955 | D:4      | Reached XP level 5. HP: 50/50 MP: 5/5
  1989 | D:4      | 1989 ||| Stepping ~*~*~tactically~*~*~ (stealth).
  1992 | D:4      | 1992 ||| Stepping ~*~*~tactically~*~*~ (stealth).
  1994 | D:4      | 1994 ||| Stepping ~*~*~tactically~*~*~ (stealth).
  2022 | D:4      | 2022 ||| Stepping ~*~*~tactically~*~*~ (stealth).
  2025 | D:4      | 2025 ||| INVOKING Fiery Armour.
  2032 | D:4      | Reached skill level 6 in Unarmed Combat
  2033 | D:4      | 2033 ||| DRINKING 2 potions of curing.
  2033 | D:4      | 2033 ||| (to cure confusion)
  2036 | D:4      | 2036 ||| DRINKING potion of curing.
  2036 | D:4      | 2036 ||| (to cure confusion)
  2136 | D:4      | Reached XP level 6. HP: 59/59 MP: 6/6
  2144 | D:4      | 2144 ||| Stepping ~*~*~tactically~*~*~ (stealth).
  2149 | D:4      | 2149 ||| Stepping ~*~*~tactically~*~*~ (hiding).
  2159 | D:4      | 2159 ||| Stepping ~*~*~tactically~*~*~ (stealth).
  2161 | D:4      | 2161 ||| Stepping ~*~*~tactically~*~*~ (stealth).
  2240 | D:4      | 2240 ||| Stepping ~*~*~tactically~*~*~ (hiding).
  2243 | D:4      | 2243 ||| Stepping ~*~*~tactically~*~*~ (hiding).
  2597 | D:4      | 2597 ||| UPGRADING to amulet of guardian spirit.
  2602 | D:4      | 2602 ||| READING 2 scrolls labelled FYAQ WUSTU.
  2603 | D:4      | 2603 ||| DROPPING scroll of immolation.
  2662 | D:5      | Entered Level 5 of the Dungeon
  2663 | D:5      | 2663 ||| STAIRDANCE
  2669 | D:4      | Reached skill level 7 in Unarmed Combat
  2674 | D:5      | 2674 ||| STAIRDANCE
  2729 | D:5      | Noticed a sky beast
  2741 | D:5      | Killed a sky beast
  2774 | D:5      | Found a bloodstained altar of Trog.
  2774 | D:5      | Found an opulent altar of Gozag.
  2781 | D:5      | Found a faded altar of an unknown god.
  2781 | D:5      | Noticed Grinder
  2782 | D:5      | 2782 ||| Stepping ~*~*~tactically~*~*~ (stealth).
  2785 | D:5      | Found a broken altar of Ashenzari.
  2786 | D:5      | 2786 ||| Stepping ~*~*~tactically~*~*~ (stealth).
  2788 | D:5      | Found a sparkling altar of Nemelex Xobeh.
  2788 | D:5      | Paralysed by Grinder for 4 turns
  2800 | D:5      | Killed Grinder
  2801 | D:5      | Reached skill level 8 in Unarmed Combat
  2801 | D:5      | Reached XP level 7. HP: 55/66 MP: 4/7
  2850 | D:5      | Reached skill level 3 in Fighting
  2867 | D:5      | 2867 ||| Stepping ~*~*~tactically~*~*~ (outnumbered).
  2870 | D:5      | 2870 ||| Stepping ~*~*~tactically~*~*~ (outnumbered).
  2871 | D:5      | 2871 ||| Stepping ~*~*~tactically~*~*~ (outnumbered).
  2872 | D:5      | 2872 ||| Stepping ~*~*~tactically~*~*~ (outnumbered).
  2873 | D:5      | 2873 ||| Stepping ~*~*~tactically~*~*~ (outnumbered).
  2874 | D:5      | 2874 ||| Stepping ~*~*~tactically~*~*~ (outnumbered).
  2875 | D:5      | 2875 ||| Stepping ~*~*~tactically~*~*~ (outnumbered).
  2876 | D:5      | 2876 ||| Stepping ~*~*~tactically~*~*~ (outnumbered).
  2877 | D:5      | 2877 ||| Stepping ~*~*~tactically~*~*~ (outnumbered).
  2878 | D:5      | 2878 ||| Stepping ~*~*~tactically~*~*~ (outnumbered).
  2885 | D:5      | 2885 ||| INVOKING Fiery Armour.
  3003 | D:5      | Reached skill level 9 in Unarmed Combat
  3022 | D:5      | 3022 ||| Stepping ~*~*~tactically~*~*~ (outnumbered).
  3023 | D:5      | 3023 ||| Stepping ~*~*~tactically~*~*~ (outnumbered).
  3024 | D:5      | 3024 ||| Stepping ~*~*~tactically~*~*~ (outnumbered).
  3044 | D:5      | 3044 ||| INVOKING Fiery Armour.
  3045 | D:5      | 3045 ||| Stepping ~*~*~tactically~*~*~ (outnumbered).
  3046 | D:5      | 3046 ||| Stepping ~*~*~tactically~*~*~ (outnumbered).
  3047 | D:5      | Reached skill level 1 in Throwing
  3050 | D:5      | 3050 ||| Stepping ~*~*~tactically~*~*~ (outnumbered).
  3051 | D:5      | 3051 ||| Stepping ~*~*~tactically~*~*~ (outnumbered).
  3104 | D:5      | Reached XP level 8. HP: 75/75 MP: 8/8
  3410 | D:5      | Noticed Blork the orc
  3422 | D:5      | Killed Blork the orc
  3590 | D:5      | Found a runed translucent door.
  3591 | D:5      | Noticed Crazy Yiuf
  3750 | D:5      | 3750 ||| UPGRADING to scarf of resistance.
  3755 | D:5      | 3755 ||| DRINKING 2 fizzy coppery potions.
  3756 | D:5      | 3756 ||| DROPPING potion of attraction.
  3779 | D:6      | Reached skill level 10 in Unarmed Combat
  3815 | D:6      | 3815 ||| FLEEEEING.
  3816 | D:6      | 3816 ||| FLEEEEING.
  3817 | D:6      | 3817 ||| FLEEEEING.
  3819 | D:6      | 3819 ||| FLEEEEING.
  3820 | D:6      | 3820 ||| FLEEEEING.
  3821 | D:6      | 3821 ||| STAIRDANCE
  4071 | D:6      | Noticed Pikel
  4075 | D:6      | Killed Pikel
  4076 | D:6      | 4076 ||| INVOKING Fiery Armour.
  4180 | D:6      | You are sucked into a shaft and drop 1 floor!
  4220 | D:6      | 4220 ||| INVOKING Fiery Armour.
  4224 | D:6      | Reached XP level 9. HP: 84/84 MP: 9/9
  4271 | D:6      | Noticed Maggie
  4272 | D:6      | 4272 ||| Stepping ~*~*~tactically~*~*~ (hiding).
  4274 | D:6      | 4274 ||| Stepping ~*~*~tactically~*~*~ (hiding).
  4282 | D:6      | Killed Maggie
  4289 | D:6      | 4289 ||| Stepping ~*~*~tactically~*~*~ (hiding).
  4428 | D:6      | Found a glowing silver altar of Zin.
  4748 | D:6      | Found Rothoodd's Armour Boutique.
  4755 | D:6      | 4755 ||| BUYING +2 robe of fire resistance (194 gold).
  4755 | D:6      | Bought a +2 robe of fire resistance for 194 gold pieces
  4755 | D:6      | 4755 ||| SHOPLISTING scarf of repulsion (132 gold, have
                  | 107).
  4937 | D:6      | Found the +4 robe of Augmentation {Str+4 Int+4 Dex+4}
  4978 | D:6      | 4978 ||| UPGRADING to +2 swamp dragon scales.
  4988 | D:6      | 4988 ||| DROPPING +0 robe.
  5018 | D:7      | Reached skill level 1 in Armour
  5033 | D:7      | 5033 ||| Stepping ~*~*~tactically~*~*~ (stealth).
  5047 | D:7      | Reached skill level 11 in Unarmed Combat
  5105 | D:7      | Identified the +0 robe "Eklos" {Will+}
  5175 | D:7      | Reached skill level 3 in Throwing
  5393 | D:7      | 5393 ||| READING scroll of enchant armour.
  5393 | D:7      | 5393 ||| ENCHANTING +2 swamp dragon scales.
  5417 | D:7      | Noticed a deep elf pyromancer
  5422 | D:7      | Killed a deep elf pyromancer
  5423 | D:7      | Reached skill level 12 in Unarmed Combat
  5424 | D:7      | 5424 ||| Stepping ~*~*~tactically~*~*~ (outnumbered).
  5428 | D:7      | Reached XP level 10. HP: 81/93 MP: 7/10
  5554 | D:7      | Found a staircase to the Ecumenical Temple.
  5557 | D:7      | 5557 ||| DROPPING +4 robe of Augmentation {Str+4 Int+4
                  | Dex+4}.
  5630 | D:8      | Found a flagged portal.
  5692 | D:8      | 5692 ||| Stepping ~*~*~tactically~*~*~ (hiding).
  5693 | D:8      | 5693 ||| Stepping ~*~*~tactically~*~*~ (hiding).
  5742 | D:8      | Noticed a manticore
  5753 | D:8      | 5753 ||| INVOKING Fiery Armour.
  5756 | D:8      | Killed a manticore
  5848 | D:8      | 5848 ||| Stepping ~*~*~tactically~*~*~ (hiding).
  5849 | D:8      | 5849 ||| Stepping ~*~*~tactically~*~*~ (hiding).
  5861 | D:8      | 5861 ||| Stepping ~*~*~tactically~*~*~ (stealth).
  5874 | D:8      | 5874 ||| Stepping ~*~*~tactically~*~*~ (hiding).
  5880 | D:8      | 5880 ||| FLEEEEING.
  5885 | D:8      | 5885 ||| INVOKING Fiery Armour.
  5886 | D:8      | 5886 ||| Stepping ~*~*~tactically~*~*~ (outnumbered).
  5888 | D:8      | 5888 ||| FLEEEEING.
  5890 | D:8      | 5890 ||| Stepping ~*~*~tactically~*~*~ (outnumbered).
  5891 | D:8      | 5891 ||| Stepping ~*~*~tactically~*~*~ (outnumbered).
  5892 | D:8      | 5892 ||| Stepping ~*~*~tactically~*~*~ (outnumbered).
  5893 | D:8      | 5893 ||| Stepping ~*~*~tactically~*~*~ (outnumbered).
  5896 | D:8      | 5896 ||| Stepping ~*~*~tactically~*~*~ (outnumbered).
  5898 | D:8      | HP: 11/96 [orc/+2 whip of electrocution (17)]
  5899 | D:8      | 5899 ||| READING 2 scrolls of teleportation.
  5900 | D:8      | 5900 ||| DRINKING 3 potions of heal wounds.
  6112 | D:8      | 6112 ||| Stepping ~*~*~tactically~*~*~ (hiding).
  6114 | D:8      | 6114 ||| Stepping ~*~*~tactically~*~*~ (hiding).
  6253 | D:8      | 6253 ||| Stepping ~*~*~tactically~*~*~ (stealth).
  6370 | D:8      | 6370 ||| Stepping ~*~*~tactically~*~*~ (stealth).
  6404 | D:8      | 6404 ||| INVOKING Fiery Armour.
  6514 | D:8      | Reached skill level 13 in Unarmed Combat
  6691 | D:8      | 6691 ||| READING 2 scrolls labelled JOJAERCHATAX.
  6692 | D:8      | 6692 ||| READING scroll labelled WIUZUBIZEPH.
  6693 | D:8      | 6693 ||| DROPPING scroll of vulnerability.
  6880 | D:9      | Noticed Erica
  6881 | D:9      | 6881 ||| Stepping ~*~*~tactically~*~*~ (hiding).
  6882 | D:9      | 6882 ||| Stepping ~*~*~tactically~*~*~ (hiding).
  6885 | D:9      | 6885 ||| INVOKING Fiery Armour.
  6891 | D:9      | Killed Erica
  7016 | D:9      | 7016 ||| Stepping ~*~*~tactically~*~*~ (hiding).
  7023 | D:9      | Reached skill level 14 in Unarmed Combat
  7064 | D:9      | 7064 ||| Stepping ~*~*~tactically~*~*~ (hiding).
  7074 | D:9      | 7074 ||| FLEEEEING.
  7077 | D:9      | 7077 ||| Stepping ~*~*~tactically~*~*~ (hiding).
  7452 | D:9      | 7452 ||| READING 3 scrolls labelled BIMUOTWYMI.
  7453 | D:9      | 7453 ||| DRINKING 2 bubbling pink potions.
  7454 | D:9      | 7454 ||| DRINKING 2 amethyst potions.
  7455 | D:9      | 7455 ||| DRINKING 2 fuming black potions.
  7455 | D:9      | Gained mutation: You possess an exceptional clarity of
                  | mind. [potion of mutation]
  7456 | D:9      | 7456 ||| DROPPING potion of invisibility.
  7457 | D:9      | 7457 ||| DROPPING potion of brilliance.
  7458 | D:9      | 7458 ||| DROPPING 2 scrolls of poison.
  7503 | D:10     | Entered Level 10 of the Dungeon
  7505 | D:10     | 7505 ||| STAIRDANCE
  7511 | D:9      | Reached skill level 6 in Fighting
  7531 | D:10     | 7531 ||| STAIRDANCE
  7585 | D:10     | Found a staircase to the Orcish Mines.
  7597 | D:10     | 7597 ||| Stepping ~*~*~tactically~*~*~ (outnumbered).
  7598 | D:10     | 7598 ||| Stepping ~*~*~tactically~*~*~ (outnumbered).
  7600 | D:10     | Reached XP level 11. HP: 95/105 MP: 9/11
  7663 | D:10     | 7663 ||| Stepping ~*~*~tactically~*~*~ (hiding).
  7664 | D:10     | Noticed a two-headed ogre
  7675 | D:10     | Killed a two-headed ogre
  7735 | D:10     | Noticed a sixfirhy
  7736 | D:10     | 7736 ||| Stepping ~*~*~tactically~*~*~ (stealth).
  7973 | D:10     | Reached skill level 15 in Unarmed Combat
  8068 | D:10     | Found a staircase to the Lair.
  8073 | D:10     | Found a transporter.
  8074 | D:10     | Noticed a centaur warrior
  8074 | D:10     | Noticed a fire dragon
  8076 | D:10     | Noticed a cyan ugly thing
  8078 | D:10     | Noticed a boulder beetle
  8080 | D:10     | Noticed a centaur warrior
  8089 | D:10     | Found a transporter.
  8118 | D:10     | Identified the +10 plate armour of the Beggar {rF+ rC-
                  | Regen+}
  8375 | D:10     | 8375 ||| PLANNING LAIR
  8385 | Lair:1   | Entered Level 1 of the Lair of Beasts
  8385 | Lair:1   | Noticed a death yak
  8385 | Lair:1   | Noticed a death yak
  8385 | Lair:1   | Noticed a death yak
  8385 | Lair:1   | Noticed a death yak
  8385 | Lair:1   | Noticed a death yak
  8385 | Lair:1   | Noticed a death yak
  8386 | Lair:1   | 8386 ||| INVOKING Fiery Armour.
  8387 | Lair:1   | 8387 ||| Stepping ~*~*~tactically~*~*~ (outnumbered).
  8388 | Lair:1   | 8388 ||| Stepping ~*~*~tactically~*~*~ (outnumbered).
  8393 | Lair:1   | Killed a death yak
  8395 | Lair:1   | HP: 13/105 [death yak (15)]
  8395 | Lair:1   | HP: 6/105 [death yak (7)]
  8396 | Lair:1   | 8396 ||| READING 3 scrolls of teleportation.
  8396 | Lair:1   | Slain by a death yak

Levels and vault maps discovered:
D:1:      dpeg_arrival_renting, layout_basic, ebering_ecumenical_altar_ruins,
          serial_forest, infiniplex_forest_clump_long,
          infiniplex_forest_lined_room_2, infiniplex_forest_lined_2,
          infiniplex_forest_clump_medium, infiniplex_forest_straight_4,
          infiniplex_forest_end_double, infiniplex_forest_lined_3_way
D:2:      layout_rooms, serial_undead, serial_undead_b, serial_undead_d,
          serial_undead_f, serial_undead_e, serial_shops, shop, shop,
          nicolae_shop_overgrown_old_shop, nicolae_diamond_shop,
          corexii_hall_statues_x
D:3:      layout_rooms, minmay_misc_feat_enclosed, minmay_misc_feat_diagonals,
          kennysheep_generic_room_2
D:4:      layout_loops_ring, corner_web_ring
D:5:      layout_cave_pods, chequers_temple_overflow_minitemple,
          uniq_blork_the_orc, uniq_crazy_yiuf_cottage, uniq_grinder
D:6:      layout_loops_corners, zin_scriptorium, serial_shops, shop,
          uniq_maggie, uniq_pikel
D:7:      cheibrodos_barr_body, layout_basic, minmay_temple_entry_purple_smoke
D:8:      layout_loops_cross, special_room [special_room_orc], enter_bailey_4,
          serial_bayou_pond_e, grunt_decor_cap
D:9:      layout_loops_ring, uniq_erica
D:10:     gammafunk_sealed_arena, layout_basic, lair_entry_dummy, orc_0_dummy
Lair:1:   layout_regular_city, lemuel_fruit_fields

Skill      XL: |  1  2  3  4  5  6  7  8  9 10 11 |
---------------+----------------------------------+-----
Unarmed Combat | 4 5 6 8 9 10 12 14 15 | 15.0
Dodging        | 1 4 |  4.1
Fighting       | 3 4 6 |  6.0
Throwing       | 1 3 4 |  4.3
Armour         | 2 |  2.0
Spellcasting   | |  1.0
Fire Magic     | |  2.1

Action                   |  1- 3 |  4- 6 |  7- 9 | 10-12 || total
-------------------------+-------+-------+-------+-------++-------
Melee: Unarmed           |   102 |    82 |   165 |   249 ||   598
       Punch             |       |     2 |     4 |     9 ||    15
Throw: Boomerang         |       |    11 |    38 |       ||    49
       Javelin           |       |       |     7 |    25 ||    32
Invok: Fiery Armour      |       |     2 |     4 |     5 ||    11
  Use: Scroll            |     8 |     3 |     1 |     5 ||    17
       Potion            |     2 |     3 |     1 |     4 ||    10
 Stab: Sleeping          |       |       |     2 |       ||     2
Armor: Robe              |    35 |    23 |    23 |       ||    81
       Swamp dragon scal |       |       |    38 |   135 ||   173
Dodge: Dodged            |    30 |    23 |    92 |   139 ||   284

Table legend:
 A = Non-vault XP
 B = Vault XP
 C = Vault XP percentage of total XP
 D = Non-vault monster count
 E = Vault monster count
 F = Vault count percentage of total count
                 A         B        C        D         E       F
            +---------+---------+-------+---------+---------+-------
      Total |   10933 |    3879 |  26.2 |     187 |      43 |  18.7
            +---------+---------+-------+---------+---------+-------
        D:1 |      32 |       0 |   0.0 |      20 |       0 |   0.0
        D:2 |      28 |       6 |  17.6 |      16 |       2 |  11.1
        D:3 |      81 |      28 |  25.7 |       5 |       3 |  37.5
        D:4 |     315 |       0 |   0.0 |      33 |       0 |   0.0
        D:5 |     872 |     371 |  29.8 |      25 |       2 |   7.4
        D:6 |     840 |     992 |  54.1 |      17 |       2 |  10.5
        D:7 |     988 |    1142 |  53.6 |      10 |      12 |  54.5
        D:8 |    1534 |     504 |  24.7 |      20 |      21 |  51.2
        D:9 |    1938 |     836 |  30.1 |      23 |       1 |   4.2
       D:10 |    3490 |       0 |   0.0 |      17 |       0 |   0.0
     Lair:1 |     815 |       0 |   0.0 |       1 |       0 |   0.0
            +---------+---------+-------+---------+---------+-------
